 Dungeon Sprint DCSS version 0.19-a0-829-g23a5e41 (webtiles) character file.

7 Groucho the Grasshopper (level 1, -4/11 HPs)
             Began as a Spriggan Warper on June 30, 2016.
             Was a Believer of Lugonu.
             Slain by a war axe of venom (15 damage)
             ... in the Dungeon (Sprint V: "Ziggurat Sprint").
             The game lasted 00:01:51 (118 turns).

Groucho the Grasshopper (Spriggan Warper)            Turns: 118, Time: 00:01:52

Health: -4/11      AC: 15    Str: 13    XL:     1   Next: 91%
Magic:  5/5        EV: 11    Int: 14    God:    Lugonu [**....]
Gold:   0          SH:  9    Dex: 21    Spells: 1 memorised, 4 levels left

rFire  . . .     SeeInvis +     m - +5 quick blade
rCold  . . .     Gourm    .     n - +5 shadow dragon armour
rNeg   . . .     Faith    .     l - +3 buckler
rPois  .         Spirit   .     (helmet restricted)
rElec  .         Dismiss  .     (no cloak)
rCorr  .         Reflect  .     (gloves unavailable)
SustAt .         Harm     .     (boots unavailable)
MR     .....     NoTele   +     (no amulet)
Stlth  +++.......               F - +6 ring of strength
                                B - +6 ring of dexterity

@: very slightly contaminated, hasted, drained, very quick, not resistant to
hostile enchantments, fairly stealthy
A: unfitting armour, see invisible, herbivore 3, speed 3, slow metabolism 2
a: Bend Space, Renounce Religion


You were in the Dungeon.
You worshipped Lugonu.
Lugonu was pleased with you.
You were not hungry.

You visited 1 branch

Inventory:

Hand Weapons
 m - a +5 quick blade (weapon)
 A - a +5 rapier
Missiles
 e - 5 tomahawks of dispersal (quivered)
Armour
 l - a +3 buckler (worn)
 n - a +5 shadow dragon armour (worn)
Jewellery
 B - a +6 ring of dexterity (left hand)
 C - a +6 ring of dexterity
 D - a +6 ring of intelligence
 E - a +6 ring of intelligence
 F - a +6 ring of strength (right hand)
 G - a +6 ring of strength
Wands
 H - a wand of disintegration (7/24)
 I - a wand of iceblast (5/15)
 J - a wand of lightning (5/15)
 K - a wand of acid (5/15)
Scrolls
 d - 5 scrolls of blinking
 s - 4 scrolls of amnesia
 t - 3 scrolls of recharging
 u - 7 scrolls of fog
 v - a scroll of holy word
 w - 5 scrolls of identify
 x - 5 scrolls of remove curse
 y - 2 scrolls of fear
Potions
 a - 2 potions of brilliance
 b - 2 potions of invisibility
 g - 10 potions of curing
 h - 10 potions of heal wounds
 i - 5 potions of haste
 j - 7 potions of magic
 k - 3 potions of berserk rage
 o - 4 potions of resistance
 p - a potion of experience
 q - 5 potions of agility
 r - 5 potions of might
Books
 c - a book of Spatial Translocations

   Spells                             Type                      Level
   a - Apportation                    Translocation                1
   b - Blink                          Translocation                2
   c - Shroud of Golubria             Charms/Translocation         2
   d - Portal Projectile              Translocation                3
   e - Teleport Other                 Translocation                3
   f - Passage of Golubria            Translocation                4
Miscellaneous
 L - a phantom mirror
Comestibles
 f - 5 bread rations
 z - 42 fruits


   Skills:
 + Level 1.7(1.5) Fighting
 + Level 2.5(2.3) Short Blades
 - Level 1.0(0.8) Throwing
 * Level 1.1(0.9) Armour
 + Level 4.0(3.7) Dodging
 * Level 1.0(0.8) Shields
 + Level 2.8(2.6) Spellcasting
 + Level 4.8(4.5) Translocations
 + Level 0.6(0.3) Invocations


You had 4 spell levels left.
You knew the following spells:

 Your Spells              Type           Power        Failure   Level  Hunger
a - Apportation           Tloc           ##........   99%         1    #......


Dungeon Overview and Level Annotations

Branches:
Dungeon (1/1)

Altars:
Ashenzari
Cheibriados
Dithmenos
Elyvilon
Fedhas
Gozag
Hepliaklqana
Kikubaaqudgha
Makhleb
Nemelex Xobeh
Okawaru
Pakellas
Qazlal
Ru
Sif Muna
Trog
Uskayaw
Vehumet
Xom
Yredelemnul
Zin
The Shining One
Beogh
Jiyva
Lugonu


Innate Abilities, Weirdness & Mutations

You are tiny and cannot use many weapons and most armour.
You have supernaturally acute eyesight. (SInv)
You are a herbivore.
You cover ground extremely quickly.
You need consume almost no food.


Message History

Your Shields skill increases to level 1!
No target in view!
No target in view!
You see here an uncursed staff of power.
Your surroundings seem different!
Welcome to arena 2. 2 dancing weapons and a deep elf mage come into view.
There is a war axe of venom.
There is a short sword of draining.
The deep elf mage shouts!
Found three items.
You block the short sword of draining's attack.
The deep elf mage gestures wildly while chanting.
The deep elf mage blinks!
Okay, then.
You block the war axe of venom's attack.
You see here a phantom mirror.
L - a phantom mirror The short sword of draining hits you but does no damage.
You feel drained. The war axe of venom hits you!
Ouch! That really hurt!
You die...

▓▓▓▓▓▓▓▓▓▓▓▓▓
▓.8©8.▓.8©8.▓
▓.e@[.▓.....▓
▓.((.§▓.|.[.▓
▓.....▓.....▓
▓.....▓.....▓
▓.....▓.....▓
▓.....▓▓▓▓▓▓▓
▓▓▓▓▓▓▓


You could see a deep elf mage and 2 dancing weapons.

Vanquished Creatures
  A white imp (D)
  A bat simulacrum (D)
2 creatures vanquished.

Notes
Turn   | Place    | Note
--------------------------------------------------------------
     0 | D        | Groucho the Spriggan Warper began the quest for the Orb.
     0 | D        | Reached XP level 1. HP: 10/10 MP: 5/5
     0 | D        | Found a shimmering altar of Xom.
     4 | D        | Found a burning altar of Makhleb.
     4 | D        | Found an iron altar of Okawaru.
     4 | D        | Found a radiant altar of Vehumet.
     4 | D        | Found a deep blue altar of Sif Muna.
     4 | D        | Found a bloodstained altar of Trog.
    21 | D        | Found a blossoming altar of Fedhas.
    21 | D        | Found a snail-covered altar of Cheibriados.
    21 | D        | Found a viscous altar of Jiyva.
    21 | D        | Found a roughly hewn altar of Beogh.
    21 | D        | Found a corrupted altar of Lugonu.
    40 | D        | Found a white marble altar of Elyvilon.
    42 | D        | Found a sparkling altar of Nemelex Xobeh.
    89 | D        | Became a worshipper of Lugonu the Unformed
    89 | D        | Reached * piety under Lugonu
   100 | D        | Entered arena 1.
   106 | D        | Reached ** piety under Lugonu
   106 | D        | Reached skill level 1 in Armour
   106 | D        | Reached skill level 1 in Shields
   112 | D        | Entered arena 2.
   112 | D        | Noticed a war axe of venom
   112 | D        | Noticed a short sword of draining
   112 | D        | Noticed a deep elf mage
   118 | D        | Slain by a war axe of venom

Vault maps used:
D:        sprint_v

Skill      XL: |  1 |
---------------+----+-----
Armour         | 1 |  1.1
Dodging        | 4 |  4.0
Shields        | 1 |  1.0
Fighting       | |  1.7
Short Blades   | |  2.5
Throwing       | |  1.0
Spellcasting   | |  2.8
Translocations | |  4.8
Invocations    | |  0.6

Action                   || total
-------------------------++-------
Melee: Quick blade       ||     4
  Use: Potion            ||     1
Armor: Shadow dragon arm ||     1
Block: Buckler           ||     3
